 Dungeon Crawl Stone Soup version 0.20.1-1-g8b1a95d (webtiles) character file.

130 Knicklaso the Slinger (level 5, -1/51 HPs)
             Began as a Halfling Hunter on Aug 15, 2017.
             Succumbed to Robin's poison
             ... on level 4 of the Dungeon.
             The game lasted 00:08:33 (3075 turns).

Knicklaso the Slinger (Halfling Hunter)             Turns: 3075, Time: 00:08:34

Health: -1/51      AC: 22    Str: 13    XL:     5   Next: 36%
Magic:  5/5        EV:  3    Int:  9    God:
Gold:   125        SH:  0    Dex: 16    Spells: 4/4 levels left

rFire    . . .     SeeInvis .   b - +0 short sword
rCold    . . .     Gourm    .   (shield restricted)
rNeg     + + +     Faith    .   (armour currently unavailable)
rPois    +         Spirit   .   (helmet currently unavailable)
rElec    .         Reflect  .   (cloak currently unavailable)
rCorr    .         Harm     .   (gloves currently unavailable)
MR       .....     NoTele   +   (boots currently unavailable)
Stlth    ++........             (no amulet)
Regen    0.2/turn               (no ring)
MPRegen  0.1/turn               (no ring)

@: lethally poisoned (-1 -> -17), tree-form (expiring), starving
A: mutation resistance 1
a: no special abilities


You were on level 4 of the Dungeon.
You were starving.
You were a tree.
You visited 1 branch of the dungeon, and saw 4 of its levels.

You collected 125 gold pieces.

Inventory:

Hand Weapons
 a - a +1 hunting sling
 b - a +0 short sword (weapon)
Missiles
 d - 11 sling bullets
 h - 26 stones (quivered)
Armour
 c - a +0 leather armour (melded)
 i - a +0 pair of gloves (melded)
 o - a +0 pair of boots (melded)
Scrolls
 e - a scroll of noise {unknown}
 g - a scroll of magic mapping {unknown}
 j - a scroll of blinking {unknown}
 k - 2 scrolls of identify {unknown}
 n - a scroll of enchant armour {unknown}
 p - a scroll of amnesia {unknown}
Potions
 r - a potion of lignification
Comestibles
 f - 2 bread rations
 l - a royal jelly


   Skills:
 - Level 1.7 Fighting
 + Level 9.0 Slings
 - Level 2.1 Dodging
 - Level 1.1 Stealth


You had 4 spell levels left.
You didn't know any spells.

Dungeon Overview and Level Annotations

Branches:
Dungeon (4/15)
 Temple: D:4-7

Altars:
Kikubaaqudgha
Nemelex Xobeh
Yredelemnul

Annotations:
D:3 Sigmund
D:4 Natasha, Robin


Innate Abilities, Weirdness & Mutations

You are small and have problems with some larger weapons.
You are somewhat resistant to further mutation.


Message History

* * * LOW HITPOINT WARNING * * *
You feel sick. Robin hits you but does no damage.
The goblin hits you but does no damage.
You hit Robin.
Robin is heavily wounded.
* * * LOW HITPOINT WARNING * * *
You feel sick.
The goblin no longer looks unusually strong.
The goblin hits you but does no damage.
Robin roars a battlecry!
The goblin goes into a battle-frenzy!
Natasha casts a spell.
You hit Robin.
Robin is severely wounded.
* * * LOW HITPOINT WARNING * * *
You feel sick. The goblin hits you but does no damage.
Robin hits you but does no damage.
You hit Robin but do no damage.
Robin is severely wounded.
You die...

###..#.#.#.#.#
...
##...#.#<.g# .
###.#.##..# #
#.#.##.5##.#
#.#........#
#......5#####
######hg..gh#
######g# #♣#
#g# #.# #..
###


You could see Robin, Natasha and 2 goblins.

Vanquished Creatures
  Terence (D:1)
  4 adders (D:2)
  3 worms
  2 giant cockroaches
  11 goblins
  8 hobgoblins
  3 jackals (D:3)
  7 kobolds
  A quokka (D:2)
  5 bats
  2 frilled lizards
  10 rats
57 creatures vanquished.

Notes
Turn   | Place    | Note
-------+----------+-------------------------------------------
     0 | D:1      | Knicklaso the Halfling Hunter began the quest for the Orb.
     0 | D:1      | Reached XP level 1. HP: 14/14 MP: 1/1
    12 | D:1      | Reached skill level 6 in Slings
   104 | D:1      | Reached XP level 2. HP: 19/19 MP: 2/2
   973 | D:2      | Noticed Terence
   997 | D:1      | Killed Terence
   997 | D:1      | Reached skill level 7 in Slings
   997 | D:1      | Reached XP level 3. HP: 18/24 MP: 3/3
  1128 | D:1      | Reached XP level 4. HP: 25/29 MP: 4/4
  1240 | D:2      | Found an ancient bone altar of Kikubaaqudgha.
  1271 | D:2      | Reached skill level 8 in Slings
  1648 | D:2      | Reached XP level 5. HP: 34/34 MP: 5/5
  1992 | D:3      | Found a sparkling altar of Nemelex Xobeh.
  2085 | D:3      | Found a basalt altar of Yredelemnul.
  2481 | D:3      | Noticed Sigmund
  2989 | D:4      | Reached skill level 9 in Slings
  2992 | D:4      | Noticed Natasha
  2993 | D:4      | Noticed Robin
  3065 | D:4      | HP: 2/51 [poisoned by Robin]
  3074 | D:4      | HP: 1/51 [poisoned by Robin]
  3075 | D:4      | Succumbed to Robin's poison

Skill      XL: |  1  2  3  4  5 |
---------------+----------------+-----
Slings         | 6 7 8 9 |  9.0
Fighting       | |  1.7
Dodging        | |  2.1
Stealth        | |  1.1

Action                   |  1- 3 |  4- 6 || total
-------------------------+-------+-------++-------
Melee: Short sword       |    21 |    71 ||    92
 Fire: Hunting sling     |    58 |   143 ||   201
  Use: Potion            |       |     3 ||     3
  Eat: Chunk             |       |     4 ||     4
Armor: Leather armour    |     5 |    20 ||    25
       Skin              |       |    23 ||    23
Dodge: Dodged            |    41 |    86 ||   127
